AoeStats
← Erickinio

Arena

510032017Analyzed
3v3 RM · 3d ago on Sep 29, 2026· 40m 32s· 6 players
Game mode
Random Map
Map size
Normal (6 player)
Population
200
Speed
Normal
Resources
Standard
Victory
Conquest
Starting age
Dark Age
Ending age
Imperial Age
RankedLock teamsTeams togetherTeam positionsShared explorationLock speedFull tech treeHidden civsTurbo modeCheats
Victory
Defeat
🇦🇷 Celts · Argentina
925
+15
🇻🇪 Huns · Venezuela
910
+16
🇦🇺 Hindustanis · Australia
907
+16
🇪🇸 Poles · Spain
928
-17
🇮🇳 Persians · India
917
-16
🇺🇸 Bohemians · United States
863
-14
Dryzar
7:13 Loom
9:44 Feudal Age
11:03 Wheelbarrow
10:15 Double-Bit Axe
10:13 Horse Collar
18:04 Castle Age
19:13 Bow Saw
20:20 Gold Mining
21:52 Hand Cart
22:11 Heavy Plow
25:27 Forging
25:23 Scale Barding Armor
29:17 Imperial Age
26:51 Stone Mining
27:25 Husbandry
27:40 Bloodlines
29:39 Iron Casting
29:10 Scale Barding Armor
29:49 Gold Shaft Mining
29:51 Marauders
29:39 Elite Tarkan
30:42 Conscription
32:03 Blast Furnace
32:00 Chain Barding Armor
37:35 Plate Barding Armor
Mclovin
10:13 Feudal Age
15:45 Castle Age
13:58 Horse Collar
14:31 Double-Bit Axe
18:03 Bow Saw
19:28 Forging
27:53 Loom
28:44 Wheelbarrow
28:34 Ballistics
31:10 Imperial Age
29:37 Padded Archer Armor
29:58 Masonry
30:04 Bloodlines
29:54 Husbandry
29:15 Light Cavalry
30:34 Leather Archer Armor
31:11 Hand Cart
30:56 Gold Mining
31:32 Scale Barding Armor
32:57 Chemistry
32:30 Siege Engineers
33:13 Chain Barding Armor
33:30 Iron Casting
32:38 Hussar
Erickinio
10:44 Feudal Age
11:22 Loom
10:58 Man-at-Arms
11:38 Double-Bit Axe
12:06 Arson
12:35 Man-at-Arms
17:34 Forging
18:35 Scale Mail Armor
24:11 Castle Age
24:47 Long Swordsman
27:16 Gambesons
31:18 Bow Saw
30:59 Pikeman
34:30 Ballistics
35:00 Wheelbarrow
35:07 Town Watch
35:44 Gold Mining
35:45 Stone Mining
35:56 Murder Holes
37:19 Iron Casting
36:40 Horse Collar
37:36 Chain Mail Armor
38:10 Masonry
41:30 Imperial Age
39:22 Stone Mining
39:52 Heavy Plow
40:13 Stronghold
40:16 Fletching
40:26 Padded Archer Armor
BananasGori11a
10:15 Loom
12:01 Feudal Age
14:09 Double-Bit Axe
14:07 Horse Collar
17:17 Castle Age
17:48 Pikeman
20:04 Wheelbarrow
20:42 Chemistry
28:22 Imperial Age
29:21 Bow Saw
29:39 Scale Mail Armor
29:40 Padded Archer Armor
32:07 Halberdier
40:14 Squires
MIRMIDOR
3:00 Loom
12:21 Feudal Age
18:13 Castle Age
16:30 Fletching
24:49 Double-Bit Axe
25:47 Horse Collar
28:17 Scale Mail Armor
28:33 Bow Saw
29:00 Heavy Plow
30:49 Stone Mining
32:07 Forging
33:27 Wheelbarrow
Black Wolf
10:52 Feudal Age
15:41 Castle Age
14:46 Loom
16:44 Double-Bit Axe
18:12 Scale Barding Armor
18:24 Forging
22:03 Horse Collar
24:59 Bow Saw
27:07 Wheelbarrow
27:07 Gold Mining
28:05 Town Watch
28:46 Hand Cart
28:28 Stone Mining
29:17 Gold Shaft Mining
30:03 Stone Shaft Mining
30:10 Stone Shaft Mining
29:59 Ballistics
30:59 Town Patrol
34:54 Imperial Age
33:32 Bloodlines
33:23 Husbandry
35:54 Guilds
36:25 Iron Casting
36:11 Chain Barding Armor
35:23 Cavalier
37:17 Conscription
Connection lost

Rejoining the realm…

Still unreachable

The connection could not be restored.

Session expired

The server has moved on; the page needs a fresh start.